[Event "GMT Classical"]
[Site "Biel, Switzerland"]
[Date "2022.07.20"]
[Round "5.3"]
[White "Naiditsch, Arkadij"]
[Black "Abdusattorov, Nodirbek"]
[Result "0-1"]
[TimeControl "90 min / 40 moves + 30 min + 30 sec / move"]
[WhiteElo "2664"]
[BlackElo "2688"]

1. e4 c5 2. Nf3 Nc6 
 3. Bb5 g6 4. Bxc6 bxc6
 5. O-O 
Bg7 6. Re1 Qc7 7. Na3 
 d6 8. Nc4 e5 9. c3
 Be6 10.
Qa4 Ne7 
11. d4 cxd4 12. cxd4 exd4 
 13. Bf4 Bxc4 14. Qxc4 c5
 15. Rac1 O-O 16. e5 
 dxe5 17. Bxe5 Bxe5 18. Nxe5
 Nf5 19.
Qxc5 Qb7 20. Ng4 f6 
 21. Qa5 Nh4 22. f3 Qxb2
 23. Nf2 
Rae8 24. Red1 Re5 25. Qc7 
 Rg5 26. Rc2 Rxg2+ 27. Kh1
 Qb5 28.
a4 Qd5 
29. Rd3 Qe5 30. Ne4 Rxh2+ 
 0-1

[Event "GMT Classical"]
[Site "Biel, Switzerland"]
[Date "2022.07.20"]
[Round "5.4"]
[White "Esipenko, Andrey"]
[Black "Kamsky, Gata"]
[Result "1/2-1/2"]
[TimeControl "90 min / 40 moves + 30 min + 30 sec / move"]
[WhiteElo "2682"]
[BlackElo "2655"]

1. e4 e5 2. Nf3 Nc6 
 3. Bb5 a6 4. Ba4 Nf6
 5. O-O 
Be7 6. Re1 b5 7. Bb3 
 d6 8. c3 O-O 9. h3
 Nb8 10.
d4 Nbd7 
11. Nbd2 Bb7 12. Bc2 Re8 
 13. Nf1 Bf8 14. Ng3 g6
 15. Bd2 
Bg7 16. Qc1 d5 17. Bg5 
 dxe4 18. Bxe4 Bxe4 19. Nxe4
 exd4 20.
cxd4 Qc8 21. Nxf6+ Nxf6 
 22. Qc6 Qd7 23. Rxe8+ Qxe8
 24. Qxc7 Rc8 25. Qa7 
 Qe6 26. a3 Nd5 27. Re1
 Qd6 28.
Ne5 Qe6 
29. Nf3 Qd6 30. Rc1 Rxc1+ 
 31. Bxc1 h6 32. Bd2 Qe6
 33. Qb7 
Kh7 34. Ne5 Bxe5 35. dxe5 
 g5 36. Qa7 Qf5 37. Qd4
 Nc7 38.
Be3 Ne6 
39. Qc3 h5 40. b4 Kg6 
 41. Qc6 Qxe5 42. Qxa6 Qa1+
 43. Kh2 
Qe5+ 44. Kg1 1/2-1/2

[ePGN "0.1;DGT LiveChess/2.2.5"]

[Event "GMT Classical"]
[Site "Biel, Switzerland"]
[Date "2022.07.21"]
[Round "6.1"]
[White "Gukesh, D"]
[Black "Kamsky, Gata"]
[Result "1/2-1/2"]
[TimeControl "90 min / 40 moves + 30 min + 30 sec / move"]
[WhiteElo "2684"]
[BlackElo "2655"]

1. d4 Nf6 2. c4 g6 
 3. Nc3 d5 4. cxd5 Nxd5
 5. e4 
Nxc3 6. bxc3 Bg7 7. Bc4 
 O-O 8. Ne2 c5 9. O-O
 Nc6 10.
Be3 b6 
11. Qd2 Bb7 12. d5 Ne5 
 13. Bb3 Ba6 14. Bg5 Qd7
 15. f4 
Bxe2 16. Qxe2 c4 17. Bc2 
 Nd3 18. Bxd3 cxd3 19. Qxd3
 Rac8 20.
Rac1 Rc5 21. f5 Qd6 
 22. Be3 Ra5 23. Rc2 Be5
 24. g3 
Rc8 25. Bd4 f6 26. fxg6 
 hxg6 27. Rcf2 Kg7 28. Qd1
 Ra3 29.
Bxe5 Qxe5 30. Qd4 Qxd4 
 31. cxd4 Rd3 32. e5 f5
 33. g4 
Rxd4 34. gxf5 Rxd5 35. Re2 
 Rf8 36. Rg2 Rxe5 37. Rxg6+
 Kf7 38.
Rh6 Kg7 
39. Rg6+ Kf7 40. Rh6 Kg7 
 1/2-1/2

[Event "GMT Classical"]
[Site "Biel, Switzerland"]
[Date "2022.07.21"]
[Round "6.2"]
[White "Abdusattorov, Nodirbek"]
[Black "Esipenko, Andrey"]
[Result "0-1"]
[TimeControl "90 min / 40 moves + 30 min + 30 sec / move"]
[WhiteElo "2688"]
[BlackElo "2682"]

1. e4 e5 2. Nf3 Nc6 
 3. Bc4 Nf6 4. d3 Bc5
 5. O-O 
h6 6. c3 d6 7. b4 
 Bb6 8. a4 a5 9. b5
 Ne7 10.
Be3 Bxe3 11. fxe3 O-O 
 12. Nbd2 Ng6 13. d4 c6
 14. Rb1 
d5 15. Bd3 dxe4 16. Bxe4 
 Nxe4 17. Nxe4 exd4 18. exd4
 cxb5 19.
Rxb5 Bd7 20. Rb2 Bc6 
 21. Qb1 Re8 22. Nc5 Re3
 23. Qc1 
Qe7 24. Re1 Rxe1+ 25. Qxe1 
 Qd6 26. Qg3 Qd5 27. Ne5
 Nxe5 28.
Qxe5 Qc4 29. Qg3 Re8 
 30. h4 b6 31. Rxb6 Bxg2
 32. Qd3 
Qd5 33. Qg3 Qc4 34. Qd3 
 Qa2 35. Qb1 Qd2 36. Rb8
 Bc6 37.
Rxe8+ Bxe8 38. Qe4 Kf8 
 39. Qe5 Qxc3 40. Kf2 Qb2+
 41. Ke3 
Qb6 42. Kd3 Qd8 43. Qf4 
 Kg8 44. Qe4 Qb8 45. d5
 Qb1+ 46.
Kd4 Qa1+ 47. Kd3 Qd1+ 
 48. Kc3 Kf8 49. Qd4 Qxd4+
 50. Kxd4 Ke7 51. Ke5 
 f6+ 52. Kd4 h5 53. Nb7
 g5 54.
hxg5 fxg5 55. Nxa5 Bxa4 
 56. Nb7 h4 57. Nc5 Bc2
 58. Ke5 
h3 59. d6+ Kf7 60. Ne6 
 h2 61. Kd4 0-1

[Event "GMT Classical"]
[Site "Biel, Switzerland"]
[Date "2022.07.21"]
[Round "6.4"]
[White "Keymer, Vincent"]
[Black "Salem, A.R. Saleh"]
[Result "1/2-1/2"]
[TimeControl "90 min / 40 moves + 30 min + 30 sec / move"]
[WhiteElo "2686"]
[BlackElo "2684"]

1. d4 Nf6 2. c4 e6 
 3. Nf3 d5 4. Nc3 Nbd7
 5. cxd5 
exd5 6. Qc2 c6 7. Bg5 
 h6 8. Bh4 Be7 9. e3
 O-O 10.
Bd3 Re8 
11. Nd2 Nf8 12. h3 Bd6 
 13. Ne2 Bd7 14. O-O Ne6
 15. Nf3 
Nf8 16. Rae1 Rc8 17. Nc3 
 Be6 18. Ne5 c5 19. Bb5
 Re7 20.
Bxf6 gxf6 21. Nf3 c4 
 22. e4 Bb4 23. Ba4 dxe4
 24. Nxe4 Kg7 25. Re3 
 Ng6 26. Qc1 Qd5 27. Bc2
 f5 28.
Ng3 f4 
29. Re5 Nxe5 30. Nh5+ Kf8 
 31. dxe5 Bd2 32. Qxd2 Qxd2
 33. Nxd2 c3 34. bxc3 
 Rxc3 35. Bb1 Ra3 36. Rc1
 Bxa2 37.
Bxa2 Rxa2 38. Nf3 Ra6 
 39. Rc8+ Re8 40. Rc7 Re7
 41. Rc8+ Re8 42. Rc7 
 Re7 43. Rc4 b5 44. Rd4
 Rb7 45.
Nh4 b4 
46. Nf6 Ke7 47. Nd5+ Ke6 
 48. Nxf4+ Kxe5 49. Nf3+ Kf6
 50. Nd5+ Kg7 51. Nxb4 
 Ra4 52. Nc6 Rxd4 53. Nfxd4
 a6 54.
g3 Rd7 
55. Kf1 a5 56. Nf5+ Kh7 
 57. Nxa5 Rd5 58. Nxh6 Kxh6
 59. Nc4 
f5 60. Ne3 Rb5 61. Kg2 
 Kg6 62. Nc2 Kf6 63. g4
 fxg4 64.
hxg4 Rb3 65. Ne3 Ke5 
1/2-1/2

[ePGN "0.1;DGT LiveChess/2.2.5"]

[Event "GMT Classical"]
[Site "Biel, Switzerland"]
[Date "2022.07.22"]
[Round "7.1"]
[White "Salem, A.R. Saleh"]
[Black "Gukesh, D"]
[Result "1-0"]
[TimeControl "90 min / 40 moves + 30 min + 30 sec / move"]
[WhiteClock "00:14:49"]
[BlackClock "00:16:34"]
[WhiteElo "2684"]
[BlackElo "2684"]

1. d4 Nf6 2. c4 e6 
 3. g3 d5 4. Bg2 Bb4+
 5. Nd2 
O-O 6. Ngf3 b6 7. O-O 
 Bb7 8. cxd5 exd5 9. Nb1
 Nbd7 10.
Qb3 Bd6 
11. Nc3 Re8 12. Bg5 h6 
 13. Bf4 Bxf4 14. gxf4 Ne4
 15. e3 
c5 16. Rfd1 c4 17. Qc2 
 Rc8 18. Bh3 Rc7 19. Kh1
 Ndf6 20.
Ne5 Bc8 
21. Bxc8 Qxc8 22. Rg1 Nd6 
 23. Rg2 Qf5 24. Qa4 Kh7
 25. Rag1 g6 26. f3 
 Ree7 27. a3 a5 28. Qd1
 b5 29.
Qe1 b4 
30. axb4 axb4 31. Na2 b3 
 32. Nc3 Qh3 33. e4 Re8
 34. Rg3 
Qh4 35. f5 dxe4 36. fxg6+ 
 fxg6 37. Rxg6 Qxe1 38. Rxe1
 Rf8 39.
fxe4 Rg7 40. Rxg7+ Kxg7 
 41. Rg1+ Kh7 42. Rf1 Kg7
 43. Kg2 
h5 44. Rf2 Ra8 45. Kf3 
 Ra1 46. Rg2+ Kh7 47. Kf4
 Rc1 48.
Nf3 Rc2 
49. Rg1 Kh6 50. e5 Rxc3 
 51. exd6 Rd3 52. Rc1 Nd5+
 53. Ke4 
Nf6+ 54. Kf4 Nd5+ 55. Ke5 
 Nb6 56. Ke4 Kg7 57. d7
 1-0

[Event "GMT Classical"]
[Site "Biel, Switzerland"]
[Date "2022.07.22"]
[Round "7.2"]
[White "Naiditsch, Arkadij"]
[Black "Keymer, Vincent"]
[Result "1-0"]
[TimeControl "90 min / 40 moves + 30 min + 30 sec / move"]
[WhiteClock "01:03:16"]
[BlackClock "00:38:40"]
[WhiteElo "2664"]
[BlackElo "2686"]

1. e4 c5 2. Nf3 d6 
 3. d4 cxd4 4. Nxd4 Nf6
 5. Nc3 
a6 6. Be3 e5 7. Nb3 
 Be6 8. Be2 Be7 9. O-O
 O-O 10.
Qd2 Nbd7 11. a4 Nb6 
 12. a5 Nc4 13. Bxc4 Bxc4
 14. Rfd1 h6 15. f3 
 Rc8 16. Nc1 Be6 17. N1e2
 Qc7 18.
Ng3 Rfe8 19. h3 Qc6 
 20. Kh2 Kh7 21. Rac1 Qc4
 22. Nge2 Rcd8 23. b3 
 Qc8 24. Nd5 Nxd5 25. exd5
 Bf5 26.
c4 Bg6 
27. b4 Qd7 28. c5 Rc8 
 29. Kh1 Red8 30. Qa2 f5
 31. Nc3 
dxc5 32. d6 Bg5 33. Bxg5 
 hxg5 34. Na4 cxb4 35. Nc5
 Qb5 36.
Ne6 Rxc1 37. Rxc1 b3 
 38. Qd2 f4 39. Nxd8 b2
 40. Ne6 
Bf5 41. d7 Qxa5 1-0

[Event "GMT Classical"]
[Site "Biel, Switzerland"]
[Date "2022.07.22"]
[Round "7.3"]
[White "Esipenko, Andrey"]
[Black "Le, Quang Liem"]
[Result "1/2-1/2"]
[TimeControl "90 min / 40 moves + 30 min + 30 sec / move"]
[WhiteClock "00:07:35"]
[BlackClock "00:51:26"]
[WhiteElo "2682"]
[BlackElo "2722"]

1. e4 e5 2. Nf3 Nc6 
 3. Bb5 a6 4. Ba4 Nf6
 5. O-O 
b5 6. Bb3 Bc5 7. c3 
 d6 8. a4 Rb8 9. d4
 Bb6 10.
a5 Ba7 
11. h3 O-O 12. Be3 Ra8 
 13. Nbd2 h6 14. Re1 Re8
 15. Bc2 
exd4 16. cxd4 Bb7 17. Bb1 
 Ne7 18. Nh4 c5 19. d5
 Bc8 20.
Nf1 Ng6 
21. Nxg6 fxg6 22. Ng3 g5 
 23. Qc2 Bd7 24. b3 Rc8
 25. Qd2 
Rc7 26. Bc2 Bc8 27. Qd3 
 Rf7 28. Re2 g4 29. h4
 Re5 30.
Bf4 Nd7 
31. Nf5 Kh8 32. h5 Rf6 
 33. Rae1 Qe8 34. Bd1 Qxh5
 35. Qg3 
c4 36. bxc4 bxc4 37. Re3 
 Bxe3 38. Rxe3 Rexf5 39. exf5
 Qxf5 40.
Bxd6 Bb7 41. Bxg4 Qxd5 
 42. Bxd7 1/2-1/2